 Dungeon Crawl Stone Soup version 0.20-a0-673-g53087c7 (webtiles) character file.

23 M4edhros the Sneak (level 2, 0/18 HPs)
             Began as an Octopode Artificer on Feb 18, 2017.
             Slain by Natasha (7 damage)
             ... on level 2 of the Dungeon.
             The game lasted 00:00:29 (353 turns).

M4edhros the Sneak (Octopode Artificer)              Turns: 353, Time: 00:00:29

Health: 0/18       AC:  1    Str: 11    XL:     2   Next: 95%
Magic:  4/4        EV: 13    Int: 13    God:
Gold:   40         SH:  0    Dex: 12    Spells: 1/1 levels left

rFire    . . .     SeeInvis .   a - +0 short sword
rCold    . . .     Gourm    .   (no shield)
rNeg     . . .     Faith    .   (helmet restricted)
rPois    .         Spirit   .   (no amulet)
rElec    .         Reflect  .   (no ring)
rCorr    .         Harm     .   (no ring)
MR       .....                  (no ring)
Stlth    +++.......             (no ring)
Regen    0.1/turn               (no ring)
MPRegen  0.1/turn               (no ring)
                                (no ring)
                                (no ring)

@: no status effects
A: almost no armour, stealthy swim, amphibious, 8 rings, constrict 8, camouflage
1, gelatinous body 1
a: no special abilities


You were on level 2 of the Dungeon.
You were not hungry.

You visited 1 branch of the dungeon, and saw 2 of its levels.

You collected 40 gold pieces.

Inventory:

Hand Weapons
 a - a +0 short sword (weapon)
 g - a cursed -3 hunting sling
Missiles
 h - 9 stones (quivered)
Wands
 b - a wand of flame (15/48)
 c - a wand of enslavement (15/24)
 d - a wand of random effects (15/48)
Scrolls
 e - a scroll of amnesia {unknown}
 i - 2 scrolls of random uselessness {unknown}
Potions
 j - a potion of degeneration {unknown}
 k - a potion of flight {unknown}
 m - a potion of berserk rage {unknown}
 n - a potion of mutation {unknown}
 o - 2 potions of magic {unknown}
Comestibles
 f - a bread ration
 l - 2 chunks of flesh


   Skills:
 - Level 1.0 Fighting
 - Level 1.0 Short Blades
 - Level 2.0 Dodging
 + Level 4.1 Stealth
 - Level 3.2 Evocations


You had one spell level left.
You didn't know any spells.

Dungeon Overview and Level Annotations

Branches:
Dungeon (2/15)

Altars:

Annotations:
D:2 Natasha


Innate Abilities, Weirdness & Mutations

You cannot wear most types of armour.
You are very stealthy in the water. (Stealth+)
You are amphibious.
You can wear up to eight rings at the same time.
You can use your tentacles to constrict eight enemies at once.
Your skin changes colour to match your surroundings (Stealth+).
Your rubbery body absorbs attacks. (AC +1, EV +1)


Message History

You butcher the rat corpse.
l - 2 chunks of flesh (gained 1) Natasha, Servant of Life and Death comes into view.
Things that are here:
a dagger; a goblin corpse Natasha is nearby!
A rat comes into view.
There are monsters nearby!
Natasha hisses angrily.
Natasha completely misses you.
There are monsters nearby!
You hit Natasha. You grab Natasha.
Natasha is moderately wounded.
You constrict Natasha, but do no damage.
Natasha claws you.
You hit Natasha but do no damage.
Natasha is moderately wounded.
You constrict Natasha, but do no damage.
Natasha claws you!
You die...

..#.# #
#.#.# r#
#...###.
#...#..
#.....###
#.#.....#
#.#h..#
###.#@..#
#<#.....###
#.#.......#
#.).......#
#.........#
#.#.###...#
#...# ...#
###$# ...#
#.. ..#


You could see Natasha and a rat.

Vanquished Creatures
  A gnoll (D:1)
  A leopard gecko (D:1)
  3 goblins
  2 hobgoblins (D:1)
  2 kobolds (D:1)
  A frilled lizard (D:1)
  A rat (D:2)
11 creatures vanquished.

Notes
Turn   | Place    | Note
-------+----------+-------------------------------------------
     0 | D:1      | M4edhros the Octopode Artificer began the quest for the Orb.
     0 | D:1      | Reached XP level 1. HP: 13/13 MP: 3/3
    33 | D:1      | Reached skill level 2 in Stealth
   154 | D:1      | Reached skill level 3 in Stealth
   154 | D:1      | Reached XP level 2. HP: 14/18 MP: 4/4
   340 | D:2      | Reached skill level 4 in Stealth
   348 | D:2      | Noticed Natasha
   353 | D:2      | Slain by Natasha

Vault maps used:
D:1:      scummos_arrival_simple_crosswalls, serial_bayou_pond_b,
          minmay_misc_feat_x
D:2:      st_stairs_13, uniq_terence, uniq_natasha

Skill      XL: |  1  2 |
---------------+-------+-----
Stealth        | 3 4 |  4.1
Fighting       | |  1.0
Short Blades   | |  1.0
Dodging        | |  2.0
Evocations     | |  3.2

Action                   || total
-------------------------++-------
Melee: Short sword       ||    31
       Tentacles         ||     8
       Constrict         ||    10
 Stab: Sleeping          ||     1
Dodge: Dodged            ||    22
